 Dungeon Crawl Stone Soup version 0.19-a0-1855-gb7442ac (webtiles) character file.

0 hurricos the Ducker (level 1, 0/11 HPs)
             Began as a Spriggan Abyssal Knight on Oct 11, 2016.
             Was a Follower of Lugonu.
             Slain by a wight
             ... wielding a +3 spear
              (1 damage)
             ... on level 2 of the Abyss.
             The game lasted 00:00:36 (100 turns).

hurricos the Ducker (Spriggan Abyssal Knight)        Turns: 100, Time: 00:00:37

Health: 0/11       AC:  2    Str:  8    XL:     1   Next: 0%
Magic:  3/3        EV: 18    Int: 13    God:    Lugonu [*.....]
Gold:   0          SH:  0    Dex: 15    Spells: 0 memorised, 0 levels left

rFire  . . .     SeeInvis +     a - +1 spear
rCold  . . .     Gourm    .     b - +0 robe
rNeg   . . .     Faith    .     (shield restricted)
rPois  .         Spirit   .     (helmet restricted)
rElec  .         Dismiss  .     (no cloak)
rCorr  .         Reflect  .     (gloves unavailable)
MR     .....     Harm     .     (boots unavailable)
Stlth  +.........               (no amulet)
                                (no ring)
                                (no ring)

@: drained, very quick
A: unfitting armour, see invisible, herbivore 3, speed 3, slow metabolism 2
a: Depart the Abyss, Renounce Religion


You were on level 2 of the Abyss.
You worshipped Lugonu.
Lugonu was aware of your devotion.
You were not hungry.

You visited 0 branches of the dungeon, and saw 0 of its levels.
You visited the Abyss 1 time.

Inventory:

Hand Weapons
 a - a +1 spear (weapon)
Armour
 b - a +0 robe (worn)
Scrolls
 d - a scroll of identify {unknown}
Comestibles
 c - a bread ration


   Skills:
 - Level 2.4(2.1) Fighting
 - Level 1.3(1.1) Polearms
 - Level 3.5(3.2) Dodging
 - Level 1.7(1.4) Invocations


You couldn't memorise any spells.
You didn't know any spells.

Dungeon Overview and Level Annotations

Branches:
Dungeon (0/15)

Altars:


Innate Abilities, Weirdness & Mutations

You are very small and have problems with some larger weapons.
You are too small for most types of armour.
You have supernaturally acute eyesight. (SInv)
You are a herbivore.
You cover ground extremely quickly.
You need consume almost no food.


Message History

A thrashing horror comes into view.
The thrashing horror roars!
The thrashing horror moves out of view.
The ufetubus closely misses you. x2
Okay, then.
Unknown command.
You hit the thrashing horror but do no damage.
The thrashing horror completely misses you.
The thrashing horror misses you.
Tentacles burst from the starspawn's body!
The ufetubus hits you. The ufetubus closely misses you.
A wight and 2 starspawn tentacles come into view.
A wight comes into view. It is wielding a spear.
The thrashing horror roars!
The thrashing horror closely misses you. x2
The thrashing horror roars!
The wight hits you from afar with an enchanted spear!
Ouch! That really hurt!
* * * LOW HITPOINT WARNING * * *
You feel drained.
You die...

.. ...
#.##.##.#.... ..#
#. ###...##.# .##
# ..##.# #.#....#
# #
......#.###..#.#.
#.
......#...#..#.#
..
##.#%...##....##
. #.
.z..#.##...##.# #
#
..#.#.X.##...#.#
.. #
#z@5#.###....# #.
..#..#..###.#..##
#.#.##X.#......#
# .##.ww... ## #
#z###.#.#### #.#
###.....# ##.
#.###W# . #... #
.. . .#. . .
..### ##. ≈ #


You could see a tentacled starspawn, an eidolon, a thrashing horror, 2 starspawn
tentacles, 3 wights and an ufetubus.

Vanquished Creatures (others)
  2 starspawn tentacles (Abyss:2)
2 creatures vanquished.

Notes
Turn   | Place    | Note
-------+----------+-------------------------------------------
     0 | Abyss:1  | hurricos the Spriggan Abyssal Knight began the quest for the Orb.
     0 | Abyss:1  | Reached XP level 1. HP: 11/11 MP: 3/3
     8 | Abyss:2  | Found a corrupted altar of Lugonu.
    26 | Abyss:2  | Found a corrupted altar of Lugonu.
    48 | Abyss:2  | Noticed an eidolon
    49 | Abyss:2  | Found a basalt altar of Yredelemnul.
    50 | Abyss:2  | Noticed a tentacled starspawn
    70 | Abyss:2  | Noticed a rakshasa
    77 | Abyss:2  | Noticed a freezing wraith
    77 | Abyss:2  | Noticed a spatial maelstrom
    77 | Abyss:2  | Noticed a spatial vortex
    80 | Abyss:2  | Noticed a tentacled starspawn
    95 | Abyss:2  | Noticed a thrashing horror
    99 | Abyss:2  | Noticed a wight
    99 | Abyss:2  | Noticed a wight
   100 | Abyss:2  | Slain by a wight

Vault maps used:
Abyss:1:  minivault_26

Action                   || total
-------------------------++-------
Melee: Spear             ||     2
Armor: Robe              ||     1
Dodge: Dodged            ||    16
